 Dungeon Crawl Stone Soup version 0.29-a0-821-g66395355a5 (webtiles) character file.

Game seed: 7460982547972513248

32 lunkers the Insei (level 3, 0/28 HPs)
             Began as a Meteoran Transmuter on July 7, 2022.
             Slain by a phantom (5 damage)
             ... on level 3 of the Dungeon.
             The game lasted 00:01:51 (385 turns).

lunkers the Insei (Meteoran Transmuter)              Turns: 385, Time: 00:01:52

Health: 0/28       AC:  2    Str: 11    XL:     3   Next: 67%
Magic:  4/8        EV: 20    Int: 16    God:
Gold:   77         SH:  0    Dex: 20    Spells: 1/7 levels left

rFire   . . .      SeeInvis .     - Unarmed
rCold   . . .      Faith    .   (shield currently unavailable)
rNeg    . . .      Spirit   .   (body armour currently unavailable)
rPois   x          Reflect  .   (helmet currently unavailable)
rElec   .          Harm     .   (cloak currently unavailable)
rCorr   .          Rampage  .   (gloves currently unavailable)
Will    .....                   (boots currently unavailable)
Stlth   +.........              (no amulet)
HPRegen 0.09/turn               e - ring of wizardry
MPRegen 0.11/turn               (no ring)

@: lethally poisoned (0 -> -6), spider-form (expiring), very slightly
contaminated, glowing
A: venomous fangs, tiny, sense surroundings 1, otherworldly, glowing, explore
regen
a: End Transformation


You were on level 3 of the Dungeon.
You were a venomous arachnid creature.
You visited 1 branch of the dungeon, and saw 3 of its levels.

You collected 77 gold pieces.

Inventory:

Armour
 a - a +0 robe (melded)
Jewellery
 e - a ring of wizardry (left front leg)
Scrolls
 f - a scroll of fear {unknown}
 g - a scroll of identify {unknown}
 h - a scroll of blinking {unknown}
Potions
 b - a potion of lignification
 c - a potion of curing {unknown}
 d - a potion of brilliance {unknown}
 i - a potion of degeneration {unknown}


   Skills:
 - Level 1.1 Fighting
 - Level 2.4 Dodging
 * Level 4.7 Unarmed Combat
 - Level 2.6 Spellcasting
 + Level 3.2 Transmutations


You had one spell level left.
You knew the following spells:

 Your Spells              Type           Power      Damage    Failure   Level
b - Wereblood             Tmut           12%        N/A       9%          2
c - Spider Form           Tmut/Pois      7%         N/A       24%         3
p - Beastly Appendage     Tmut           24%        N/A       6%          1

Your spell library contained the following spells:

 Spells                   Type           Power      Damage    Failure   Level
 Ice Form                 Ice/Tmut       7%         N/A       52%         4


Dungeon Overview and Level Annotations

Branches:
Dungeon (3/15) Zot: 1418

Altars:


Innate Abilities, Weirdness & Mutations

You are a venomous arachnid creature.
You have poisonous fangs.
You are tiny and dextrous.
Your spellcasting is less reliable in this form.
Your armour is entirely melded.
You are incapable of wielding weapons or throwing items.
You passively map a small area around you.
You are easily found by Zot.
You glow in the dark.
You regain HP and MP as you explore.


Message History

Confirm with . or Enter, or press ? or * to list all spells.
You miscast Wereblood.
You are very lightly contaminated with residual magic.
Nothing appears to happen.
You feel sick. The adder bites you. The adder bites you but does no damage.
You bite the adder!
The adder is heavily wounded.
You feel sick. The adder bites you.
You barely miss the adder.
The adder is heavily wounded.
You feel sick. The adder closely misses you.
You are too injured to fight recklessly!
You are too injured to fight recklessly!
You are too injured to fight recklessly!
You barely miss the adder.
The adder is heavily wounded.
You feel sick. The adder bites you.
* * * LOW HITPOINT WARNING * * *
The phantom hits you.
* * * LOW HITPOINT WARNING * * *
You hit the adder.
The adder is poisoned.
The adder is almost dead.
You feel sick. The adder barely misses you. The phantom barely misses you.
You barely miss the adder.
The adder is almost dead.
Your transformation is almost over.
You feel sick. The adder misses you. The phantom completely misses you.
The adder bites you.
* * * LOW HITPOINT WARNING * * *
You are lethally poisoned!
The adder poisons you!
You barely miss the adder.
The adder is almost dead.
* * * LOW HITPOINT WARNING * * *
You feel sick.
You kill the adder!
You completely miss the phantom.
* * * LOW HITPOINT WARNING * * *
You feel sick. The phantom hits you.
You die...

.....#... #......#
.....(... , #...... ,
.....#..., #....., , ,
..$..#..# *#...#### * ,
......... +.......
#.#....######...#######
,
#.....>................
###..†W##......##.#....
, ,
####s##...#.###.....#
#.###+##.........' #.#
* #####.....# * ,, #.#
#.##### *#+# * #.# ,* *
, #.# * , , #.# ≈ , ,
#.# , #.#


You could see a phantom.

Vanquished Creatures
  2 adders
  A ball python (D:1)
  A bat (D:1)
  An endoplasm (D:3)
  2 giant cockroaches
  3 hobgoblins
  A frilled lizard (D:2)
  A kobold (D:2)
  2 rats (D:1)
14 creatures vanquished.

Notes
Turn   | Place    | Note
-------+----------+-------------------------------------------
     0 | D:1      | lunkers the Meteoran Transmuter began the quest for the
                  | Orb.
     0 | D:1      | Reached XP level 1. HP: 16/16 MP: 5/5
    96 | D:1      | Reached skill level 4 in Unarmed Combat
    96 | D:1      | Reached XP level 2. HP: 16/23 MP: 6/6
   102 | D:1      | Learned a level 2 spell: Wereblood
   125 | D:1      | Found a faded altar of an unknown god.
   172 | D:2      | Reached XP level 3. HP: 27/28 MP: 4/8
   183 | D:2      | Learned a level 3 spell: Spider Form
   373 | D:3      | Noticed a phantom
   385 | D:3      | Slain by a phantom

Illustrated notes

Levels and vault maps discovered:
D:1:      wander_arrival_chamber, layout_loops_ring,
          hellmonk_ecumenical_altar_inner_sanctum, dreamdust_wishing_well
D:2:      layout_basic, basic_altar
D:3:      layout_basic, ebering_ghost_sewer_f, portal_sewer_entry_f

Skill      XL: |  1  2 |
---------------+-------+-----
Unarmed Combat | 4 |  4.7
Transmutations | 3 |  3.2
Fighting       | |  1.1
Dodging        | |  2.4
Spellcasting   | |  2.6

Action                   || total
-------------------------++-------
Melee: Unarmed           ||    47
       Kick              ||     5
       Headbutt          ||     1
 Cast: Beastly Appendage ||     4
       Wereblood         ||     2
       Spider Form       ||     3
Armor: Robe              ||     5
       Skin              ||     1
Dodge: Dodged            ||    22

Table legend: (Time is in decaauts)
 A = Elapsed time spent in this place.
 B = Non-inter-level travel time spent in this place.
 C = Inter-level travel time spent in this place.
 D = Time resting spent in this place.
 E = Time spent auto-exploring this place.
 F = Levels seen in this place.
 G = Mean time per level.
                   A        B        C        D        E       F      G
               +--------+--------+--------+--------+--------+-----+--------+
         Total |    380 |    345 |     35 |      0 |     53 |   3 |  126.7 |
       Dungeon |    380 |    345 |     35 |      0 |     53 |   3 |  126.7 |
               +--------+--------+--------+--------+--------+-----+--------+

Top non-repeatable levels by time:
     D:1: 164 daAuts
     D:2: 137 daAuts
     D:3: 78 daAuts
